 Dungeon Crawl Stone Soup version 0.19-a0-700-gd2fa977 (webtiles) character file.

67 Ordine the Changer (level 4, -1/28 HPs)
             Began as an Octopode Transmuter on June 19, 2016.
             Slain by a gnoll
             ... wielding a +0 spear
              (10 damage)
             ... on level 2 of the Dungeon.
             The game lasted 00:03:00 (2129 turns).

Ordine the Changer (Octopode Transmuter)            Turns: 2129, Time: 00:03:00

Health: -1/28      AC:  2    Str:  9    XL:     4   Next: 18%
Magic:  3/7        EV: 19    Int: 16    God:
Gold:   89         SH:  0    Dex: 17    Spells: 2 memorised, 3 levels left

rFire  . . .     SeeInvis .       - Unarmed
rCold  . . .     Gourm    .     (shield currently unavailable)
rNeg   . . .     Faith    .     (helmet currently unavailable)
rPois  x         Spirit   .     (no amulet)
rElec  .         Dismiss  .     (no ring)
rCorr  .         Reflect  .     (no ring)
SustAt .         Harm     .     (no ring)
MR     .....                    (no ring)
Stlth  +++.......               (no ring)
                                (no ring)
                                (no ring)
                                (no ring)

@: spider-form, very slightly contaminated, hasted, very quick, not resistant to
hostile enchantments, fairly stealthy
A: almost no armour, (amphibious), 8 rings, (constrict 8), (camouflage 0),
(gelatinous body 0)
a: End Transformation


You were on level 2 of the Dungeon.
You were very hungry.
You were a venomous arachnid creature.
You visited 1 branch of the dungeon, and saw 2 of its levels.

You collected 89 gold pieces.

Inventory:

Armour
 d - a +1 buckler of fire resistance
Jewellery
 f - an uncursed ring of stealth {unknown}
Potions
 a - a potion of lignification
 g - a potion of curing {unknown}
 h - a potion of brilliance {unknown}
Books
 b - a book of Changes

   Spells                             Type                      Level
   a - Beastly Appendage              Transmutation                1
   b - Sticks to Snakes               Transmutation                2
   c - Spider Form                    Transmutation/Poison         3
   d - Ice Form                       Ice/Transmutation            4
   e - Blade Hands                    Transmutation                5
Comestibles
 c - 2 bread rations


   Skills:
 - Level 1.0 Fighting
 - Level 2.0 Dodging
 + Level 3.3 Stealth
 - Level 3.0 Unarmed Combat
 - Level 2.0 Spellcasting
 * Level 3.5 Transmutations


You had 3 spell levels left.
You knew the following spells:

 Your Spells              Type           Power        Failure   Level  Hunger
a - Spider Form           Tmut/Pois      #.........   56%         3    ###....
i - Beastly Appendage     Tmut           ##....       17%         1    #......


Dungeon Overview and Level Annotations

Branches:
Dungeon (2/15)

Altars:
Elyvilon


Innate Abilities, Weirdness & Mutations

You cannot wear most types of armour.
((You are amphibious.))
You can wear up to eight rings at the same time.
((You can use your tentacles to constrict eight enemies at once.))
((Your skin changes colour to match your surroundings (Stealth+).))
((Your rubbery body absorbs attacks. (AC +1)))


Message History

The gnoll completely misses you.
It was a potion of haste.
You feel yourself speed up. The gnoll hits you but does no damage.
You are very lightly contaminated with residual magic.
You cannot move.
The gnoll hits you but does no damage. The gnoll hits you but does no damage.
The gnoll barely misses you. The gnoll hits you but does no damage.
The gnoll hits you but does no damage.
You feel less woody.
Casting: Spider Form
Confirm with . or Enter, or press ? or * to list all spells.
You turn into a venomous arachnid creature.
You are feeling very hungry.
The gnoll closely misses you.
You hit the gnoll.
The gnoll is poisoned.
The gnoll is moderately wounded.
The gnoll hits you with a spear!
You die...

#............#
#.#..# #>##
####.#####...#
#.#.## ...8# #.##
#...# #.#.# ....#
#..# #...# #.#.##
...8# ##.## #...#
#.#..# ..## #..#
#...# #.####
##.###...# #.####
#..##...# #....#
####.##..s########
#.........gg....#
#.###.##.###.##.#
# #..#.# #)##.#
##.#.###g##.#
#...##...#.#
##..##...#.#
#..##...#.#
#.>###.##.#


You could see 2 gnolls.

Vanquished Creatures
  2 gnolls (D:2)
  2 adders (D:2)
  A dart slug (D:1)
  6 giant cockroaches
  8 goblins
  A hobgoblin (D:1)
  A kobold (D:1)
  2 ball pythons (D:1)
  A bat (D:1)
  2 giant newts (D:1)
  2 rats (D:1)
28 creatures vanquished.

Vanquished Creatures (others)
  A plant (D:2)
1 creature vanquished.

Grand Total: 29 creatures vanquished

Notes
Turn   | Place    | Note
--------------------------------------------------------------
     0 | D:1      | Ordine the Octopode Transmuter began the quest for the Orb.
     0 | D:1      | Reached XP level 1. HP: 13/13 MP: 3/3
   151 | D:1      | Reached skill level 1 in Stealth
   408 | D:1      | Reached XP level 2. HP: 18/18 MP: 5/5
  1366 | D:1      | Reached XP level 3. HP: 23/23 MP: 6/6
  1372 | D:1      | Learned a level 3 spell: Spider Form
  2060 | D:2      | Found a white marble altar of Elyvilon.
  2074 | D:2      | Reached XP level 4. HP: 22/28 MP: 3/7
  2129 | D:2      | Slain by a gnoll

Vault maps used:
D:1:      dpeg_arrival_connections
D:2:      minmay_door_path, nicolae_overflow_hidden_temple, elyvilon_altar_1

Skill      XL: |  1  2  3 |
---------------+----------+-----
Stealth        | 1 2 3 |  3.3
Transmutations | 3 |  3.5
Fighting       | |  1.0
Dodging        | |  2.0
Unarmed Combat | |  3.0
Spellcasting   | |  2.0

Action                   |  1- 3 |  4- 6 || total
-------------------------+-------+-------++-------
Melee: Unarmed           |    71 |     4 ||    75
       Constrict         |    17 |       ||    17
       Tentacles         |     8 |       ||     8
       Punch             |     3 |       ||     3
 Cast: Spider Form       |     1 |     2 ||     3
  Use: Potion            |       |     2 ||     2
 Stab: Sleeping          |     8 |       ||     8
  Eat: Chunk             |     3 |       ||     3
Armor: Skin              |     4 |    25 ||    29
Dodge: Dodged            |    36 |     9 ||    45
